 Dungeon Crawl Stone Soup version 0.18-a0-1481-g708b138 (webtiles) character file.

3022 EnragedOxygen the Covert (level 9, -15/45 HPs)
             Began as a Spriggan Enchanter on Mar 2, 2016.
             Was a Follower of Dithmenos.
             Demolished by Erolcha
             ... wielding a +0 giant spiked club
              (25 damage)
             ... on level 8 of the Dungeon.
             The game lasted 00:39:41 (7531 turns).

EnragedOxygen the Covert (Spriggan Enchanter)       Turns: 7531, Time: 00:39:41

Health: -15/45     AC:  4    Str:  6    XL:     9   Next: 55%
Magic:  13/18      EV: 19    Int: 20    God:    Dithmenos [*.....]
Gold:   237        SH:  0    Dex: 17    Spells: 4 memorised, 11 levels left

rFire  . . .     SeeInvis +     q - +6 dagger
rCold  . . .     Gourm    .     b - +1 robe
rNeg   . . .     Faith    .     (shield restricted)
rPois  .         Spirit   .     (helmet restricted)
rElec  .         Dismiss  .     E - +0 cloak (curse)
rCorr  .         Reflect  .     (gloves unavailable)
SustAt .         Harm     .     (boots unavailable)
MR     ++...                    B - amulet of rage
Stlth  ++++++....               I - ring of protection from magic
                                J - +3 ring of intelligence

@: wreathed by umbra, very quick, very resistant to hostile enchantments, very
stealthy
A: unfitting armour, see invisible, herbivore 3, speed 3, slow metabolism 2
a: Renounce Religion, Evoke Berserk Rage


You were on level 8 of the Dungeon.
You worshipped Dithmenos.
Dithmenos was aware of your devotion.
You were not hungry.

You visited 2 branches of the dungeon, and saw 9 of its levels.
You also visited: Sewer.

You collected 303 gold pieces.
You spent 66 gold pieces at shops.

Inventory:

Hand Weapons
 o - a +2 short sword of electrocution
 q - a +6 dagger (weapon)
Armour
 b - a +1 robe (worn)
 E - a cursed +0 cloak (worn)
Jewellery
 y - an uncursed ring of resist corrosion
 B - an amulet of rage (around neck)
 I - a ring of protection from magic (right hand)
 J - a +3 ring of intelligence (left hand)
Wands
 s - a wand of digging (1/24)
 w - a wand of flame (31/48)
 C - a wand of confusion (20/48)
Scrolls
 a - 3 scrolls of teleportation {unknown}
 g - 3 scrolls of fog {unknown}
 i - 8 scrolls of identify
 j - 2 scrolls of magic mapping
 k - 4 scrolls of remove curse {unknown}
 m - a scroll of amnesia {unknown}
 n - a scroll of blinking {unknown}
 u - a scroll of recharging {unknown}
 v - 2 scrolls of fear {unknown}
 A - a scroll of enchant weapon {unknown}
Potions
 e - 3 potions of heal wounds {unknown}
 f - 2 potions of magic {unknown}
 h - 4 potions of curing
 l - 3 potions of degeneration {unknown}
 p - a potion of brilliance {unknown}
 r - 2 potions of might {unknown}
 t - a potion of haste {unknown}
 x - a potion of resistance {unknown}
 z - 2 potions of mutation {unknown}
 D - a potion of cure mutation {unknown}
 F - a potion of flight {unknown}
Books
 c - a book of Maledictions

   Spells                             Type                      Level
   a - Corona                         Hexes                        1
   b - Ensorcelled Hibernation        Hexes/Ice                    2
   c - Confuse                        Hexes                        3
   d - Tukima's Dance                 Hexes                        3
   e - Dazzling Spray                 Conjuration/Hexes            3
 G - the Grimoire of the Traveller and the Glacier
   (You found it on level 7 of the Dungeon)

   Spells                             Type                      Level
   a - Blink                          Translocation                2
   b - Recall                         Summoning/Translocation      3
   c - Passage of Golubria            Translocation                4
   d - Metabolic Englaciation         Hexes/Ice                    5
   e - Ozocubu's Refrigeration        Ice                          6
Comestibles
 d - 2 bread rations
 H - 4 fruits


   Skills:
 * Level 3.7 Fighting
 - Level 9.1 Short Blades
 - Level 4.0 Dodging
 - Level 10.2 Stealth
 * Level 5.6 Spellcasting
 + Level 7.6 Hexes


You had 11 spell levels left.
You knew the following spells:

 Your Spells              Type           Power        Failure   Level  Hunger
a - Corona                Hex            #####..      1%          1    None
b - Ensorcelled Hibernat  Hex/Ice        ###...       3%          2    None
c - Confuse               Hex            #####...     1%          3    ##.....
d - Blink                 Tloc           N/A          21%         2    None


Dungeon Overview and Level Annotations

Branches:
Dungeon (8/15)             Temple (1/1) D:4
   Lair: D:8-11

Altars:
Ashenzari
Cheibriados
Dithmenos
Elyvilon
Fedhas
Gozag
Makhleb
Okawaru
Pakellas
Qazlal
Ru
Sif Muna
Trog
Xom
Yredelemnul
Zin
The Shining One

Shops:
D:5 :   D:7 *?

Annotations:
D:5 1 runed door
D:8 Erolcha


Innate Abilities, Weirdness & Mutations

You are tiny and cannot use many weapons and most armour.
You have supernaturally acute eyesight.
You are an herbivore.
You cover ground extremely quickly.
You need consume almost no food.


Message History

Casting: Confuse
Confirm with . or Enter, or press ? or * to list all spells.
Aiming: Confuse
Press: ? - help, Shift-Dir - straight line, f/p - Erolcha
Aim: Erolcha, wielding a giant spiked club and wearing a glowing robe (heavily wounded, umbra, chance to defeat MR: 29%) Erolcha appears confused.
Erolcha misses you.
You completely miss Erolcha.
Erolcha is heavily wounded.
You hit Erolcha but do no damage.
Erolcha is heavily wounded.
You hit Erolcha but do no damage.
Erolcha is heavily wounded.
You hit Erolcha.
Erolcha is severely wounded.
You hit Erolcha.
Erolcha is severely wounded.
Erolcha hits you with a giant spiked club!!
Ouch! That really hurt!
You die...

#.#
#.#
#.#
#.#
#.#
#.#
#O#
#@#
#.#
#.#
#<#
###


You could see Erolcha (confused).

Vanquished Creatures
  The ghost of PeterLawrence the Basher, a novice MiFi of Okawaru (D:7)
  Pikel (D:6)
  Grinder (D:4)
  Prince Ribbit (D:5)
  A water moccasin (D:7)
  Purgy (Sewer)
  An orc warrior (D:6)
  2 black bears (D:6)
  A phantom (D:4)
  An ogre (D:7)
  2 scorpions (D:7)
  2 howler monkeys
  2 crimson imps (D:7)
  A quasit (D:2)
  5 hounds
  3 orc priests
  A centaur skeleton (D:4)
  An orc wizard (D:6)
  Crazy Yiuf (D:6)
  Ijyb (D:2)
  An iguana (D:6)
  3 worker ants
  A hound zombie (D:5)
  A worker ant zombie (D:5)
  Robin (D:2)
  A howler monkey zombie (D:7)
  10 adders
  A howler monkey skeleton (D:6)
  3 oozes (D:1)
  A dart slug (D:2)
  5 worms
  4 giant geckos
  11 orcs
  A ball python (D:2)
  8 giant cockroaches
  12 goblins
  7 hobgoblins
  7 jackals
  10 kobolds
  A quokka (D:2)
  8 bats
  3 giant newts
  A jackal skeleton (D:5)
  2 quokka skeletons
  A quokka zombie (D:6)
  6 rats
140 creatures vanquished.

Notes
Turn   | Place    | Note
--------------------------------------------------------------
     0 | D:1      | EnragedOxygen the Spriggan Enchanter began the quest for the Orb.
     0 | D:1      | Reached XP level 1. HP: 9/9 MP: 5/5
   329 | D:1      | Reached XP level 2. HP: 13/13 MP: 6/6
   333 | D:1      | Learned a level 2 spell: Ensorcelled Hibernation
   859 | D:2      | Reached XP level 3. HP: 16/16 MP: 8/8
   891 | D:2      | Learned a level 3 spell: Confuse
   917 | D:2      | Noticed Robin
   937 | D:2      | Reached skill level 5 in Hexes
  1488 | D:2      | Killed Robin
  1690 | D:2      | Reached XP level 4. HP: 17/21 MP: 9/9
  1769 | D:2      | Found a burning altar of Makhleb.
  1970 | D:2      | Noticed Ijyb
  1991 | D:2      | Killed Ijyb
  2016 | D:2      | Reached XP level 5. HP: 9/24 MP: 7/10
  2560 | D:3      | Reached skill level 5 in Stealth
  3264 | D:4      | Noticed a phantom
  3282 | D:4      | Killed a phantom
  3282 | D:4      | Reached XP level 6. HP: 22/28 MP: 8/11
  3305 | D:4      | Reached skill level 6 in Stealth
  3481 | D:4      | Noticed Grinder
  3650 | D:4      | Killed Grinder
  3650 | D:4      | Reached skill level 5 in Short Blades
  3650 | D:4      | Reached XP level 7. HP: 32/32 MP: 8/12
  3711 | D:4      | Reached skill level 7 in Stealth
  4027 | D:4      | Found a staircase to the Ecumenical Temple.
  4033 | Temple   | Entered the Ecumenical Temple
  4082 | Temple   | Became a worshipper of Dithmenos the Shadowed
  4410 | D:5      | Entered Level 5 of the Dungeon
  4469 | D:5      | Noticed Prince Ribbit
  4495 | D:5      | Killed Prince Ribbit
  4495 | D:5      | Reached skill level 8 in Stealth
  4802 | D:5      | Found Duaff's Book Emporium.
  4838 | D:5      | Found a glowing silver altar of Zin.
  4857 | D:5      | Found a glowing silver altar of Zin.
  4857 | D:5      | Noticed an angel
  4858 | D:5      | Found a runed door.
  4933 | D:6      | Noticed Pikel
  5071 | D:6      | Killed Pikel
  5071 | D:6      | Reached skill level 9 in Stealth
  5071 | D:6      | Reached XP level 8. HP: 25/36 MP: 10/13
  5250 | D:6      | Found a shadowy altar of Dithmenos.
  5482 | D:6      | Found a bloodstained altar of Trog.
  5499 | D:6      | Reached * piety under Dithmenos
  5544 | D:6      | Reached skill level 1 in Fighting
  5544 | D:6      | Reached skill level 10 in Stealth
  5913 | D:6      | Found a glowing drain.
  5925 | Sewer    | Entered a sewer
  5944 | Sewer    | Noticed Purgy
  5946 | Sewer    | Killed Purgy
  5946 | Sewer    | Reached XP level 9. HP: 39/42 MP: 14/14
  6236 | D:6      | Noticed Crazy Yiuf
  6242 | D:6      | Killed Crazy Yiuf
  6369 | D:7      | Identified the Grimoire of the Traveller and the Glacier
  6374 | D:7      | Learned a level 2 spell: Blink
  6428 | D:7      | Found Qemir's Magic Scroll Shop.
  6481 | D:7      | Found Epoal's General Store.
  6489 | D:7      | Bought 4 fruits for 66 gold pieces
  6635 | D:7      | Found an oddly glowing altar of Pakellas.
  6636 | D:7      | Found a blossoming altar of Fedhas.
  6676 | D:7      | Found a blossoming altar of Fedhas.
  7119 | D:7      | Found an opulent altar of Gozag.
  7297 | D:7      | Noticed PeterLawrence's ghost (novice MiFi)
  7323 | D:7      | Killed PeterLawrence's ghost
  7323 | D:7      | Reached skill level 5 in Spellcasting
  7517 | D:8      | Noticed Erolcha
  7531 | D:8      | Demolished by Erolcha

Vault maps used:
D:1:      mrwooster_arrival_statue_2
D:2:      lemuel_statue_altar, uniq_iyjb, uniq_robin
D:3:      first_bread
D:4:      minmay_temple_entry_enclosed_plants, serial_park_tiny_pond,
          uniq_grinder
D:5:      kennysheep_little_box, serial_shops, shop, lemuel_angel_altar,
          uniq_prince_ribbit1
D:6:      trog_ov_bears_minmay, basic_altar, portal_sewer_entry_d,
          hangedman_decor_riveting, uniq_pikel, uniq_crazy_yiuf_cottage
D:7:      lemuel_upstairs_altar, nicolae_overflow_hidden_temple, minitemple,
          serial_shops, shop, nicolae_shop_crystal, fedhas_altar_3
D:8:      gammafunk_temple_overflow_forgotten, uniq_grum, uniq_erica,
          uniq_erolcha, uniq_joseph
Temple:   circular_temple_12
Sewer:    kennysheep_door_sewer

Skill      XL: |  1  2  3  4  5  6  7  8  9 |
---------------+----------------------------+-----
Hexes          | 4 5 6 7 |  7.6
Short Blades   | 3 5 8 9 |  9.1
Stealth        | 5 6 9 10 | 10.2
Fighting       | 1 3 |  3.7
Dodging        | 4 |  4.0
Spellcasting   | 3 5 |  5.6

Action                   |  1- 3 |  4- 6 |  7- 9 || total
-------------------------+-------+-------+-------++-------
Melee: Dagger            |   154 |   128 |   245 ||   527
       Short sword       |       |    36 |       ||    36
 Cast: Confuse           |     7 |     6 |    11 ||    24
       Ensorcelled Hiber |     5 |     6 |    25 ||    36
Evoke: Wand              |       |       |     2 ||     2
  Use: Scroll            |       |       |     2 ||     2
       Potion            |       |       |     1 ||     1
 Stab: Sleeping          |    11 |    12 |    25 ||    48
       Confused          |     1 |     5 |     5 ||    11
       Distracted        |     1 |     1 |     2 ||     4
  Eat: Bread ration      |       |     1 |     1 ||     2
